 Dungeon Crawl Stone Soup version 0.27.1-3-gb3d3a73c9e (webtiles) character file.

Game seed: 16538947283363224676

18 Descartes the Magician (level 2, -3/16 HPs)
             Began as a Deep Elf Wanderer on Oct 12, 2021.
             Slain by a white imp (4 damage)
             ... summoned by Natasha
             ... on level 2 of the Dungeon.
             The game lasted 00:02:54 (1558 turns).

Descartes the Magician (Deep Elf Wanderer)          Turns: 1558, Time: 00:02:55

Health: -3/16      AC:  6    Str:  7    XL:     2   Next: 48%
Magic:  8/8        EV: 10    Int: 19    God:
Gold:   64         SH:  4    Dex: 13    Spells: 6/7 levels left

rFire    . . .     SeeInvis .   a - +0 dagger
rCold    . . .     Faith    .   b - +0 buckler
rNeg     . . .     Spirit   .   c - +2 leather armour
rPois    .         Reflect  .   h - +0 helmet
rElec    .         Harm     .   (no cloak)
rCorr    .         Rampage  .   (no gloves)
Will     .....                  (no boots)
Stlth    ++........             (no amulet)
HPRegen  0.05/turn              (no ring)
MPRegen  0.11/turn              (no ring)

@: no status effects
A: no striking features
a: no special abilities


You were on level 2 of the Dungeon.
You visited 1 branch of the dungeon, and saw 2 of its levels.

You collected 64 gold pieces.

Inventory:

Hand Weapons
 a - a +0 dagger (weapon)
Missiles
 f - 41 stones
Armour
 b - a +0 buckler (worn)
 c - a +2 leather armour (worn)
 h - a +0 helmet (worn)
Scrolls
 d - a scroll of noise {unknown}
 e - a scroll of identify {unknown}
 g - a scroll of magic mapping {unknown}
 j - a scroll of teleportation {unknown}
 l - a scroll of fog {unknown}
Potions
 i - 2 potions of curing
 k - a potion of might {unknown}


   Skills:
 - Level 1.0 Fighting
 - Level 1.2 Dodging
 - Level 2.4 Stealth
 + Level 1.6 Shields
 - Level 3.0 Spellcasting
 - Level 1.2 Necromancy
 - Level 2.1 Ice Magic
 + Level 1.6 Earth Magic


You had 6 spell levels left.
You knew the following spells:

 Your Spells              Type           Power      Damage    Failure   Level
a - Magic Dart            Conj           8%         1d3       30%         1

Your spell library contained the following spells:

 Spells                   Type           Power      Damage    Failure   Level
 Corona                   Hex            2%         N/A       30%         1
 Ensorcelled Hibernation  Hex/Ice        14%        N/A       30%         2
 Stone Arrow              Conj/Erth      10%        3d7       56%         3
 Tukima's Dance           Hex            2%         N/A       67%         3


Dungeon Overview and Level Annotations

Branches:
Dungeon (2/15)

Altars:

Shops:
D:2 :

Annotations:
D:2 Natasha


Message History

You kill the rat!
l - a scroll labelled JIBLYI AZOU You now have 64 gold pieces (gained 16).
f - 41 stones (gained 23) Natasha, Servant of Life and Death comes into view.
Natasha hisses angrily.
Natasha claws you!
You hit Natasha but do no damage. Natasha claws you.
You are too injured to fight recklessly!
You are too injured to fight recklessly!
You are too injured to fight recklessly!
You are too injured to fight recklessly!
You are too injured to fight recklessly!
You are too injured to fight recklessly!
You are too injured to fight recklessly!
You are too injured to fight recklessly!
You are too injured to fight recklessly!
You are too injured to fight recklessly!
You are too injured to fight recklessly!
You are too injured to fight recklessly!
You are too injured to fight recklessly!
You are too injured to fight recklessly!
You are too injured to fight recklessly!
You are too injured to fight recklessly!
You hit Natasha but do no damage. Natasha barely misses you.
You hit Natasha.
Natasha is moderately wounded.
Natasha casts a spell.
You closely miss Natasha.
Natasha is moderately wounded.
Natasha misses you. The white imp gestures at you. The puff of frost hits you.
* * * LOW HITPOINT WARNING * * *
You closely miss Natasha.
Natasha is moderately wounded.
Natasha barely misses you. The white imp hits you.
* * * LOW HITPOINT WARNING * * *
The white imp freezes you.
You die...

#........#.#.............#.#.....
#.........................#......
#............#############.......
#........#.#.#...........#....<..
.........................'.......
######...#.#.#.#.######..#.......
........#.#.#.# #..#.......
###.#####.#.#.# #..####.... #..
..#.#@# #..####.... ...
.......h5...............
##########.#.....##..#####.#.
#.#.....##..# #.#. #
#......#..#####.#.
#......#..#...#.#.
###....#..#.#.#.#.
....#..#.#.#.#. #..#.#.#.#.


You could see Natasha and a white imp (summoned).

Vanquished Creatures
  A dart slug (D:2)
  2 bats (D:1)
  A giant cockroach (D:1)
  A goblin (D:1)
  3 hobgoblins
  A quokka (D:1)
  3 frilled lizards (D:1)
  A kobold (D:1)
  3 rats
16 creatures vanquished.

Notes
Turn   | Place    | Note
-------+----------+-------------------------------------------
     0 | D:1      | Descartes the Deep Elf Wanderer began the quest for the
                  | Orb.
     0 | D:1      | Descartes set off with the following items: a +0 dagger, a
                  | +0 buckler, a +2 leather armour; and the following spell
                  | memorised: Magic Dart; and the following spells available
                  | to memorise: Stone Arrow
     0 | D:1      | Reached XP level 1. HP: 12/12 MP: 6/6
   173 | D:1      | Found a faded altar of an unknown god.
   489 | D:1      | Reached skill level 1 in Earth Magic
   499 | D:1      | Reached XP level 2. HP: 1/16 MP: 8/8
  1325 | D:2      | Found Ockuokk's Book Emporium.
  1549 | D:2      | Noticed Natasha
  1558 | D:2      | Slain by a white imp

Illustrated notes

Levels and vault maps discovered:
D:1:      wander_arrival_abandoned_jail, layout_rooms,
          shapermc_ecumenical_altar_pompeii, serial_corexii_hall,
          corexii_hall_statues_i, corexii_hall_statues_s, glass_columns_c
D:2:      layout_basic, serial_shops, nicolae_diamond_shop, uniq_natasha

Skill      XL: |  1 |
---------------+----+-----
Earth Magic    | 1 |  1.6
Fighting       | |  1.0
Dodging        | |  1.2
Stealth        | |  2.4
Shields        | |  1.6
Spellcasting   | |  3.0
Necromancy     | |  1.2
Ice Magic      | |  2.1

Action                   || total
-------------------------++-------
Melee: Dagger            ||   134
  Use: Potion            ||     1
 Stab: Sleeping          ||     2
Armor: Leather armour    ||    37
Dodge: Dodged            ||    72
Block: Buckler           ||    26
